3009 views
Uploaded 2020-03-07 21:14:13
Game version 1.32.2
27:11 long 3on3 ladder game on (6)RollingHills
Saved by BEARAND
3009 views
Uploaded 2020-03-07 21:14:13
Game version 1.32.2
27:11 long 3on3 ladder game on (6)RollingHills


48 units @ 5.8k
/ 0.4k
103 buildings @ 7.7k
/ 3.4k



| Scroll of Regeneration | 2 | 200 |
| Potion of Healing | 1 | 150 |
| Staff of Sanctuary | 2 | 500 |
| Boots of Speed | 3 | 750 |
| Periapt of Vitality | 2 | 650 |
| Circlet of Nobility | 2 | 350 |
| Staff of Teleportation | 3 | 450 |
| Orb of Corruption | 2 | 750 |
| total: | 17 | 3800g |
| Peasant | 15 | 1125 | / | 0 |
| Dragonhawk Rider | 8 | 1600 | / | 240 |
| total: | 23 | 2725g | / | 240w |
| Scout Tower | 64 | 1920 | / | 1280 |
| Arcane Tower | 5 | 350 | / | 250 |
| Guard Tower | 71 | 4970 | / | 3550 |
| Altar of Kings | 1 | 180 | / | 50 |
| Farm | 5 | 400 | / | 100 |
| Lumber Mill | 1 | 120 | / | 0 |
| Arcane Vault | 3 | 390 | / | 90 |
| Town Hall | 1 | 385 | / | 205 |
| Blacksmith | 1 | 140 | / | 60 |
| Barracks | 1 | 160 | / | 60 |
| Arcane Sanctum | 1 | 150 | / | 140 |
| Gryphon Aviary | 2 | 280 | / | 300 |
| Keep | 1 | 320 | / | 210 |
| Castle | 1 | 360 | / | 210 |
| total: | 80 | 4125g | / | 2285w |
| 0:02 | Peasant |
| 0:02 | Peasant |
| 0:10 | Peasant |
| 0:15 | Altar of Kings |
| 0:19 | Farm |
| 0:24 | Peasant |
| 0:42 | Lumber Mill |
| 0:52 | Peasant |
| 0:59 | Peasant |
| 1:11 | Peasant |
| 1:33 | Scout Tower |
| 1:37 | Peasant |
| 1:41 | Farm |
| 1:51 | Peasant |
| 1:58 | Scout Tower |
| 2:03 | Scout Tower |
| 2:08 | Improved Masonry |
| 2:10 | Arcane Tower |
| 2:13 | Scout Tower |
| 2:16 | Blizzard |
| 2:27 | Scout Tower |
| 2:30 | Guard Tower |
| 2:33 | Scout Tower |
| 2:35 | Scout Tower |
| 2:36 | Guard Tower |
| 2:38 | Scout Tower |
| 2:51 | Scout Tower |
| 2:56 | Guard Tower |
| 2:58 | Guard Tower |
| 3:11 | Guard Tower |
| 3:13 | Scout Tower |
| 3:15 | Guard Tower |
| 3:25 | Guard Tower |
| 3:28 | Scout Tower |
| 3:51 | Guard Tower |
| 3:53 | Scout Tower |
| 3:54 | Guard Tower |
| 3:55 | Scout Tower |
| 3:57 | Scout Tower |
| 4:04 | Guard Tower |
| 4:05 | Scout Tower |
| 4:06 | Keep |
| 4:32 | Arcane Vault |
| 4:34 | Scout Tower |
| 4:34 | Guard Tower |
| 4:43 | Guard Tower |
| 4:45 | Scout Tower |
| 5:06 | Guard Tower |
| 5:12 | Arcane Vault |
| 5:15 | Guard Tower |
| 5:16 | Scout Tower |
| 5:18 | Farm |
| 5:19 | Farm |
| 5:46 | Scout Tower |
| 5:49 | Guard Tower |
| 5:50 | Scout Tower |
| 5:51 | Scout Tower |
| 6:05 | Scout Tower |
| 6:06 | Scout Tower |
| 6:06 | Scout Tower |
| 6:13 | Guard Tower |
| 6:19 | Guard Tower |
| 6:30 | Scroll of Regeneration |
| 6:32 | Potion of Healing |
| 6:35 | Peasant |
| 6:35 | Peasant |
| 6:35 | Peasant |
| 7:09 | Guard Tower |
| 7:09 | Guard Tower |
| 7:10 | Peasant |
| 7:11 | Peasant |
| 7:11 | Peasant |
| 7:29 | Scroll of Regeneration |
| 7:40 | Storm Bolt |
| 7:43 | Scout Tower |
| 7:43 | Scout Tower |
| 7:44 | Scout Tower |
| 7:45 | Scout Tower |
| 7:46 | Scout Tower |
| 7:46 | Arcane Tower |
| 7:48 | Arcane Sanctum |
| 7:49 | Advanced Masonry |
| 7:50 | Improved Lumber Harvesting |
| 8:16 | Scout Tower |
| 8:17 | Scout Tower |
| 8:19 | Guard Tower |
| 8:19 | Scout Tower |
| 8:20 | Scout Tower |
| 8:21 | Scout Tower |
| 8:22 | Scout Tower |
| 8:22 | Scout Tower |
| 8:22 | Scout Tower |
| 8:34 | Castle |
| 9:04 | Guard Tower |
| 9:07 | Guard Tower |
| 9:11 | Magic Sentry |
| 9:36 | Town Hall |
| 9:37 | Guard Tower |
| 9:38 | Guard Tower |
| 9:40 | Guard Tower |
| 9:40 | Guard Tower |
| 9:42 | Scout Tower |
| 9:42 | Scout Tower |
| 10:00 | Guard Tower |
| 10:10 | Boots of Speed |
| 10:11 | Periapt of Vitality |
| 10:26 | Circlet of Nobility |
| 10:28 | Boots of Speed |
| 10:32 | Guard Tower |
| 10:36 | Guard Tower |
| 10:37 | Guard Tower |
| 10:44 | Guard Tower |
| 10:47 | Scout Tower |
| 10:49 | Scout Tower |
| 10:49 | Scout Tower |
| 10:54 | Orb of Corruption |
| 11:11 | Imbued Masonry |
| 11:42 | Scout Tower |
| 11:42 | Scout Tower |
| 11:42 | Scout Tower |
| 11:55 | Holy Light |
| 12:00 | Gryphon Aviary |
| 12:01 | Gryphon Aviary |
| 12:03 | Farm |
| 12:06 | Blacksmith |
| 12:07 | Barracks |
| 12:24 | Guard Tower |
| 12:25 | Guard Tower |
| 12:27 | Scout Tower |
| 12:28 | Scout Tower |
| 12:29 | Scout Tower |
| 12:29 | Scout Tower |
| 12:43 | Boots of Speed |
| 12:53 | Arcane Tower |
| 13:03 | Guard Tower |
| 13:17 | Arcane Tower |
| 13:22 | Dragonhawk Rider |
| 13:25 | Dragonhawk Rider |
| 13:29 | Guard Tower |
| 13:40 | Brilliance Aura |
| 13:54 | Dragonhawk Rider |
| 13:54 | Dragonhawk Rider |
| 13:55 | Dragonhawk Rider |
| 14:03 | Guard Tower |
| 14:04 | Guard Tower |
| 14:44 | Guard Tower |
| 14:51 | Animal War Training |
| 14:51 | Iron Forged Swords |
| 14:52 | Studded Leather Armor |
| 14:58 | Scout Tower |
| 14:59 | Scout Tower |
| 15:03 | Staff of Teleportation |
| 15:13 | Arcane Vault |
| 15:26 | Orb of Corruption |
| 15:30 | Staff of Sanctuary |
| 15:45 | Guard Tower |
| 16:58 | Steel Forged Swords |
| 16:58 | Reinforced Leather Armor |
| 16:59 | Dragonhawk Rider |
| 17:00 | Cloud |
| 17:19 | Scout Tower |
| 17:20 | Scout Tower |
| 17:22 | Guard Tower |
| 17:24 | Scout Tower |
| 17:25 | Scout Tower |
| 17:50 | Bash |
| 18:00 | Guard Tower |
| 18:37 | Guard Tower |
| 18:38 | Scout Tower |
| 18:39 | Scout Tower |
| 19:06 | Guard Tower |
| 19:09 | Scout Tower |
| 19:11 | Scout Tower |
| 19:11 | Scout Tower |
| 19:38 | Guard Tower |
| 19:42 | Scout Tower |
| 19:43 | Scout Tower |
| 19:43 | Scout Tower |
| 19:43 | Scout Tower |
| 20:04 | Staff of Sanctuary |
| 22:12 | Dragonhawk Rider |
| 22:24 | Guard Tower |
| 22:28 | Guard Tower |
| 22:29 | Guard Tower |
| 22:30 | Guard Tower |
| 22:37 | Dragonhawk Rider |
| 22:41 | Mithril Forged Swords |
| 22:42 | Dragonhide Armor |
| 22:52 | Staff of Teleportation |
| 24:29 | Divine Shield |
| 24:34 | Blizzard |
| 25:39 | Staff of Teleportation |
| 25:41 | Periapt of Vitality |
| 25:41 | Circlet of Nobility |
| Right click | 2295 |
| Select | 743 |
| Select group | 488 |
| Chat | 255 |
| Build/train/purchase | 225 |
| Use ability | 78 |
| Assign group | 20 |
| Misc. action | 8 |
| Remove unit | 2 |
| Minimap ping | 2 |
| Item give/drop | 1 |


| Rod of Necromancy | 1 | 150 |
| Sacrificial Skull | 1 | 50 |
| Orb of Corruption | 2 | 750 |
| Staff of Teleportation | 2 | 300 |
| Boots of Speed | 1 | 250 |
| Staff of Sanctuary | 2 | 500 |
| total: | 9 | 2000g |
| Acolyte | 2 | 150 | / | 0 |
| Ghoul | 7 | 840 | / | 0 |
| total: | 9 | 990g | / | 0w |
| Altar of Darkness | 1 | 180 | / | 50 |
| Crypt | 2 | 400 | / | 100 |
| Ziggurat | 5 | 750 | / | 250 |
| Tomb of Relics | 2 | 260 | / | 60 |
| Graveyard | 1 | 215 | / | 0 |
| Sacrificial Pit | 1 | 75 | / | 150 |
| Halls of the Dead | 1 | 320 | / | 210 |
| Black Citadel | 1 | 325 | / | 230 |
| total: | 12 | 1880g | / | 610w |
| 0:01 | Acolyte |
| 0:10 | Altar of Darkness |
| 0:14 | Crypt |
| 0:16 | Acolyte |
| 0:32 | Ziggurat |
| 1:15 | Ghoul |
| 1:27 | Tomb of Relics |
| 1:29 | Ghoul |
| 1:37 | Ghoul |
| 1:42 | Ziggurat |
| 2:01 | Ghoul |
| 2:22 | Death Coil |
| 2:24 | Ghoul |
| 2:34 | Rod of Necromancy |
| 2:35 | Sacrificial Skull |
| 2:50 | Ghoul |
| 3:27 | Halls of the Dead |
| 3:29 | Ghoul |
| 5:54 | Ziggurat |
| 5:55 | Ziggurat |
| 6:40 | Black Citadel |
| 6:42 | Ziggurat |
| 7:17 | Unholy Aura |
| 8:21 | Frost Nova |
| 9:07 | Tomb of Relics |
| 9:21 | Staff of Teleportation |
| 9:46 | Staff of Teleportation |
| 9:47 | Boots of Speed |
| 10:51 | Orb of Corruption |
| 11:01 | Staff of Sanctuary |
| 13:02 | Crypt |
| 13:04 | Graveyard |
| 16:24 | Orb of Corruption |
| 16:58 | Staff of Sanctuary |
| 17:05 | Web |
| 17:57 | Frost Armor |
| 22:27 | Sacrificial Pit |
| 24:15 | Death Coil |
| 25:07 | Frost Nova |
| Right click | 1834 |
| Select group | 738 |
| Select | 620 |
| Chat | 227 |
| Assign group | 209 |
| Build/train/purchase | 42 |
| Resource trade | 42 |
| Use ability | 41 |
| Minimap ping | 6 |
| Item give/drop | 4 |



| Rod of Necromancy | 1 | 150 |
| Sacrificial Skull | 2 | 100 |
| Orb of Corruption | 3 | 1125 |
| Boots of Speed | 3 | 750 |
| Circlet of Nobility | 3 | 525 |
| Staff of Teleportation | 1 | 150 |
| Staff of Sanctuary | 3 | 750 |
| total: | 16 | 3550g |
| Acolyte | 4 | 300 | / | 0 |
| Ghoul | 8 | 960 | / | 0 |
| Obsidian Statue | 4 | 800 | / | 140 |
| total: | 16 | 2060g | / | 140w |
| Crypt | 1 | 200 | / | 50 |
| Altar of Darkness | 1 | 180 | / | 50 |
| Ziggurat | 4 | 600 | / | 200 |
| Tomb of Relics | 3 | 390 | / | 90 |
| Graveyard | 1 | 215 | / | 0 |
| Slaughterhouse | 1 | 140 | / | 135 |
| Halls of the Dead | 1 | 320 | / | 210 |
| Black Citadel | 2 | 650 | / | 460 |
| total: | 11 | 1725g | / | 525w |
| 0:06 | Acolyte |
| 0:09 | Crypt |
| 0:18 | Acolyte |
| 0:34 | Altar of Darkness |
| 0:36 | Ziggurat |
| 1:05 | Tomb of Relics |
| 1:13 | Ghoul |
| 1:28 | Graveyard |
| 1:38 | Ghoul |
| 1:38 | Ghoul |
| 1:59 | Ghoul |
| 2:14 | Ziggurat |
| 2:26 | Ghoul |
| 2:35 | Death Coil |
| 2:36 | Rod of Necromancy |
| 2:38 | Sacrificial Skull |
| 2:38 | Sacrificial Skull |
| 3:14 | Ghoul |
| 3:25 | Acolyte |
| 4:23 | Halls of the Dead |
| 4:36 | Tomb of Relics |
| 5:08 | Tomb of Relics |
| 5:38 | Ziggurat |
| 5:58 | Ghoul |
| 5:59 | Ghoul |
| 6:43 | Black Citadel |
| 7:15 | Unholy Aura |
| 7:42 | Frost Nova |
| 8:18 | Boots of Speed |
| 8:20 | Circlet of Nobility |
| 8:59 | Slaughterhouse |
| 9:09 | Acolyte |
| 9:27 | Boots of Speed |
| 10:05 | Impale |
| 10:14 | Ziggurat |
| 11:17 | Frost Armor |
| 11:23 | Obsidian Statue |
| 11:23 | Obsidian Statue |
| 12:05 | Obsidian Statue |
| 12:05 | Obsidian Statue |
| 12:22 | Boots of Speed |
| 12:23 | Staff of Teleportation |
| 12:28 | Circlet of Nobility |
| 13:14 | Orb of Corruption |
| 13:20 | Staff of Sanctuary |
| 14:19 | Orb of Corruption |
| 16:58 | Death Coil |
| 17:34 | Staff of Sanctuary |
| 19:17 | Staff of Sanctuary |
| 19:24 | Circlet of Nobility |
| 19:28 | Orb of Corruption |
| 20:28 | Spiked Carapace |
| Right click | 1945 |
| Select group | 1236 |
| Assign group | 434 |
| Select | 223 |
| Build/train/purchase | 143 |
| Use ability | 88 |
| Resource trade | 55 |
| Chat | 34 |
| Misc. action | 7 |
| Item give/drop | 2 |
116 units @ 19.8k
/ 4.1k
55 buildings @ 9.1k
/ 4.3k


| Rod of Necromancy | 1 | 150 |
| Orb of Corruption | 1 | 375 |
| total: | 2 | 525g |
| Acolyte | 3 | 225 | / | 0 |
| Ghoul | 4 | 480 | / | 0 |
| Crypt Fiend | 7 | 1505 | / | 280 |
| Obsidian Statue | 4 | 800 | / | 140 |
| Abomination | 1 | 240 | / | 70 |
| Frost Wyrm | 6 | 2310 | / | 720 |
| Meat Wagon | 9 | 2070 | / | 450 |
| Mountain Giant | 5 | 1750 | / | 500 |
| Chimaera | 3 | 990 | / | 210 |
| total: | 42 | 10370g | / | 2370w |
| Altar of Darkness | 1 | 180 | / | 50 |
| Crypt | 1 | 200 | / | 50 |
| Ziggurat | 9 | 1350 | / | 450 |
| Graveyard | 2 | 430 | / | 0 |
| Tomb of Relics | 1 | 130 | / | 30 |
| Slaughterhouse | 1 | 140 | / | 135 |
| Sacrificial Pit | 1 | 75 | / | 150 |
| Boneyard | 2 | 350 | / | 400 |
| Halls of the Dead | 1 | 320 | / | 210 |
| Black Citadel | 2 | 650 | / | 460 |
| total: | 18 | 2855g | / | 1265w |
| 0:04 | Acolyte |
| 0:05 | Altar of Darkness |
| 0:07 | Crypt |
| 0:25 | Ziggurat |
| 0:33 | Acolyte |
| 0:33 | Acolyte |
| 0:59 | Graveyard |
| 1:11 | Ghoul |
| 1:27 | Tomb of Relics |
| 1:38 | Ghoul |
| 1:54 | Ziggurat |
| 2:16 | Death Coil |
| 2:22 | Crypt Fiend |
| 2:22 | Crypt Fiend |
| 2:31 | Rod of Necromancy |
| 2:56 | Crypt Fiend |
| 3:14 | Crypt Fiend |
| 3:48 | Halls of the Dead |
| 4:09 | Crypt Fiend |
| 4:21 | Ziggurat |
| 4:52 | Creature Attack |
| 5:07 | Unholy Aura |
| 5:14 | Crypt Fiend |
| 5:59 | Crypt Fiend |
| 6:35 | Creature Carapace |
| 6:50 | Black Citadel |
| 7:05 | Ziggurat |
| 7:36 | Slaughterhouse |
| 8:21 | Burrow |
| 8:25 | Ghoul |
| 8:48 | Improved Creature Attack |
| 8:52 | Frost Nova |
| 8:52 | Frost Nova |
| 9:23 | Sacrificial Pit |
| 9:25 | Obsidian Statue |
| 10:05 | Disease Cloud |
| 10:05 | Abomination |
| 10:19 | Ghoul |
| 10:32 | Unholy Strength |
| 10:32 | Unholy Armor |
| 10:35 | Graveyard |
| 11:48 | Boneyard |
| 11:48 | Boneyard |
| 12:18 | Ziggurat |
| 12:19 | Ziggurat |
| 12:21 | Ziggurat |
| 12:49 | Improved Creature Carapace |
| 13:19 | Freezing Breath |
| 13:21 | Frost Wyrm |
| 13:22 | Advanced Creature Attack |
| 13:31 | Orb of Corruption |
| 14:02 | Frost Wyrm |
| 14:03 | Frost Wyrm |
| 14:04 | Frost Wyrm |
| 15:07 | Advanced Creature Carapace |
| 15:26 | Meat Wagon |
| 15:31 | Meat Wagon |
| 15:50 | Frost Armor |
| 16:53 | Death Coil |
| 17:13 | Ziggurat |
| 17:14 | Ziggurat |
| 17:25 | Improved Unholy Strength |
| 18:36 | Obsidian Statue |
| 18:37 | Meat Wagon |
| 18:37 | Meat Wagon |
| 18:40 | Frost Wyrm |
| 19:39 | Meat Wagon |
| 20:06 | Meat Wagon |
| 22:28 | Meat Wagon |
| 22:32 | Frost Wyrm |
| 22:36 | Meat Wagon |
| 22:36 | Meat Wagon |
| 22:46 | Obsidian Statue |
| 26:04 | Obsidian Statue |
| 26:37 | Mountain Giant |
| 26:37 | Mountain Giant |
| 26:37 | Mountain Giant |
| 26:38 | Mountain Giant |
| 26:38 | Mountain Giant |
| 26:45 | Chimaera |
| 26:45 | Chimaera |
| 26:45 | Chimaera |
| Right click | 1088 |
| Select group | 550 |
| Select | 534 |
| Build/train/purchase | 111 |
| Misc. action | 61 |
| Assign group | 52 |
| Use ability | 38 |
| Chat | 30 |
| Esc | 7 |
| Item give/drop | 1 |

| Staff of Preservation | 2 | 300 |
| Orb of Venom | 1 | 325 |
| total: | 3 | 625g |
| Wisp | 32 | 1920 | / | 0 |
| Archer | 1 | 130 | / | 10 |
| Dryad | 3 | 435 | / | 180 |
| Druid of the Claw | 10 | 2550 | / | 800 |
| Chimaera | 7 | 2310 | / | 490 |
| Glaive Thrower | 3 | 630 | / | 195 |
| total: | 56 | 7975g | / | 1675w |
| Altar of Elders | 1 | 180 | / | 50 |
| Moon Well | 13 | 2340 | / | 520 |
| Ancient of War | 3 | 450 | / | 180 |
| Hunter's Hall | 1 | 210 | / | 100 |
| Ancient of Wonders | 2 | 180 | / | 60 |
| Tree of Life | 1 | 340 | / | 185 |
| Ancient of Lore | 4 | 620 | / | 580 |
| Ancient of Wind | 3 | 450 | / | 420 |
| Chimaera Roost | 3 | 420 | / | 570 |
| Tree of Ages | 1 | 320 | / | 180 |
| Tree of Eternity | 3 | 990 | / | 600 |
| total: | 31 | 5190g | / | 2665w |
| 0:01 | Wisp |
| 0:04 | Altar of Elders |
| 0:04 | Wisp |
| 0:12 | Moon Well |
| 0:27 | Wisp |
| 0:38 | Ancient of War |
| 0:42 | Wisp |
| 0:54 | Wisp |
| 1:00 | Wisp |
| 1:00 | Wisp |
| 1:01 | Wisp |
| 1:16 | Wisp |
| 1:17 | Wisp |
| 1:25 | Wisp |
| 1:40 | Archer |
| 2:06 | Mana Burn |
| 2:22 | Tree of Ages |
| 2:39 | Moon Well |
| 2:39 | Moon Well |
| 3:43 | Hunter's Hall |
| 3:46 | Moon Well |
| 4:43 | Wisp |
| 4:44 | Wisp |
| 4:44 | Wisp |
| 4:51 | Ancient of Lore |
| 4:52 | Ancient of Lore |
| 4:59 | Evasion |
| 5:03 | Ultravision |
| 5:41 | Tree of Eternity |
| 5:59 | Wisp |
| 5:59 | Wisp |
| 5:59 | Wisp |
| 6:05 | Tree of Eternity |
| 6:25 | Dryad |
| 6:26 | Dryad |
| 6:27 | Dryad |
| 6:36 | Ancient of Lore |
| 6:37 | Ancient of Lore |
| 6:40 | Abolish Magic |
| 6:42 | Druid of the Claw Adept Training |
| 6:43 | Druid of the Claw |
| 6:45 | Strength of the Wild |
| 6:49 | Ancient of Wonders |
| 7:30 | Druid of the Claw |
| 7:32 | Druid of the Claw |
| 7:34 | Druid of the Claw |
| 7:59 | Druid of the Claw Master Training |
| 8:06 | Druid of the Claw |
| 8:26 | Chimaera Roost |
| 8:26 | Chimaera Roost |
| 8:28 | Chimaera Roost |
| 8:29 | Wisp |
| 8:29 | Wisp |
| 8:29 | Wisp |
| 8:36 | Tree of Life |
| 9:04 | Improved Strength of the Wild |
| 9:23 | Staff of Preservation |
| 9:23 | Orb of Venom |
| 9:35 | Ancient of Wonders |
| 9:50 | Corrosive Breath |
| 9:54 | Wisp |
| 9:54 | Wisp |
| 9:54 | Wisp |
| 9:59 | Chimaera |
| 10:20 | Chimaera |
| 10:25 | Wisp |
| 10:25 | Wisp |
| 10:25 | Wisp |
| 10:25 | Wisp |
| 10:36 | Moon Well |
| 10:36 | Moon Well |
| 10:40 | Moon Well |
| 10:40 | Moon Well |
| 10:41 | Moon Well |
| 10:42 | Moon Well |
| 10:54 | Chimaera |
| 10:54 | Chimaera |
| 10:57 | Staff of Preservation |
| 11:10 | Wisp |
| 11:10 | Wisp |
| 11:10 | Wisp |
| 11:10 | Wisp |
| 11:11 | Wisp |
| 11:15 | Advanced Strength of the Wild |
| 12:39 | Druid of the Claw |
| 13:09 | Moon Well |
| 13:11 | Moon Well |
| 13:12 | Moon Well |
| 13:41 | Druid of the Claw |
| 13:41 | Chimaera |
| 13:45 | Chimaera |
| 14:49 | Ancient of War |
| 14:49 | Ancient of War |
| 15:06 | Reinforced Hides |
| 15:25 | Druid of the Claw |
| 15:27 | Chimaera |
| 15:30 | Druid of the Claw |
| 16:24 | Glaive Thrower |
| 16:29 | Glaive Thrower |
| 17:04 | Glaive Thrower |
| 17:05 | Druid of the Claw |
| 18:16 | Mark of the Claw |
| 18:27 | Mana Burn |
| 19:17 | Mana Burn |
| 19:26 | Vorpal Blades |
| 19:46 | Ancient of Wind |
| 19:47 | Ancient of Wind |
| 19:47 | Ancient of Wind |
| Right click | 1260 |
| Select group | 1226 |
| Select | 564 |
| Chat | 197 |
| Build/train/purchase | 126 |
| Misc. action | 60 |
| Use ability | 59 |
| Assign group | 43 |
| Resource trade | 39 |
| Esc | 12 |
| Minimap ping | 7 |

| Wisp | 12 | 720 | / | 0 |
| Archer | 6 | 780 | / | 60 |
| total: | 18 | 1500g | / | 60w |
| Moon Well | 3 | 540 | / | 120 |
| Altar of Elders | 1 | 180 | / | 50 |
| Ancient of War | 1 | 150 | / | 60 |
| Hunter's Hall | 1 | 210 | / | 100 |
| Tree of Ages | 3 | 960 | / | 540 |
| total: | 6 | 1080g | / | 330w |
| 0:03 | Moon Well |
| 0:03 | Altar of Elders |
| 0:04 | Wisp |
| 0:04 | Wisp |
| 0:23 | Ancient of War |
| 0:34 | Wisp |
| 0:34 | Wisp |
| 0:41 | Wisp |
| 0:41 | Wisp |
| 0:49 | Wisp |
| 0:49 | Wisp |
| 0:58 | Wisp |
| 1:26 | Moon Well |
| 1:27 | Archer |
| 1:42 | Wisp |
| 1:42 | Wisp |
| 1:57 | Wisp |
| 2:05 | Mana Burn |
| 2:17 | Archer |
| 2:17 | Archer |
| 2:17 | Archer |
| 2:49 | Moon Well |
| 2:59 | Tree of Ages |
| 2:59 | Tree of Ages |
| 3:50 | Archer |
| 3:50 | Archer |
| 5:13 | Evasion |
| 5:28 | Hunter's Hall |
| Right click | 219 |
| Select | 104 |
| Build/train/purchase | 24 |
| Select group | 15 |
| Use ability | 7 |
| Assign group | 3 |
| Minimap ping | 2 |
⇛